 Dungeon Crawl Stone Soup version 0.31-a0-840-g6d2ecbb638 (webtiles) character file.

Game seed: 4870350884618522782

20 Ivernyr the Twirler (level 2, -2/15 HPs)
             Began as a Vine Stalker Gladiator on Sept 27, 2023.
             Frozen to death by an endoplasm (5 damage)
             ... on level 1 of the Dungeon.
             The game lasted 00:00:36 (209 turns).

Ivernyr the Twirler (Vine Stalker Gladiator)         Turns: 209, Time: 00:00:36

Health: -2/15      AC:  4    Str: 16    XL:     2   Next: 79%
Magic:  0/3        EV: 12    Int:  8    God:
Gold:   15         SH:  0    Dex: 15    Spells: 1/1 levels left

rFire   . . .        a - +0 quarterstaff
rCold   . . .        (shield currently unavailable)
rNeg    . . .        b - +0 leather armour
rPois   .            c - +0 helmet
rElec   .            (no cloak)
rCorr   .            (no gloves)
SInv    .            (no boots)
Will    .....        (no amulet)
Stlth   +            (no ring)
HPRegen 1.02/turn    (no ring)
MPRegen 0.08/turn

%: guardian spirit
@: no status effects
A: fangs 2, regeneration 1, magic shield, antimagic bite, no potion heal 2
a: no special abilities


You were on level 1 of the Dungeon.
You visited 1 branch of the dungeon, and saw 1 of its levels.

You collected 15 gold pieces.

Inventory:

Hand Weapons
 a - a +0 quarterstaff (weapon)
Missiles
 d - 3 throwing nets (quivered)
 e - a javelin
Armour
 b - a +0 leather armour (worn)
 c - a +0 helmet (worn)
Scrolls
 h - a scroll of enchant armour {unknown}
Potions
 f - a potion of haste {unknown}
 g - a potion of heal wounds {unknown}


   Skills:
 * Level 2.3 Fighting
 + Level 2.9 Staves
 - Level 1.7 Throwing
 + Level 0.5 Armour
 + Level 2.6 Dodging


You had one spell level left.
You didn't know any spells.
Your spell library was empty.

Dungeon Overview and Level Annotations

Branches:
Dungeon (1/15)

Altars:


Innate Abilities, Weirdness & Mutations

You have extremely sharp teeth.
Your natural rate of healing is unusually fast.
When hurt, damage is shared between your health and your magic reserves.
Your bite disrupts and absorbs the magic of your enemies.
Potions cannot restore your health.


Message History

You kill the frilled lizard!
The bat hits you but does no damage.
The endoplasm hits you but does no damage.
The bat barely misses you. The endoplasm closely misses you.
The hobgoblin hits you.
You see here a frilled lizard corpse.
You hit the hobgoblin.
You kill the hobgoblin!
The bat hits you but does no damage. The bat barely misses you.
The endoplasm freezes you.
You are frozen.
The kobold hits you but does no damage. The endoplasm freezes you.
You are frozen.
The kobold closely misses you. The goblin misses you.
You see here 2 poisoned darts.
You closely miss the kobold. The bat hits you but does no damage.
The endoplasm freezes you.
You are frozen.
The kobold misses you. The goblin misses you.
You closely miss the kobold. You bite the kobold. You drain its power.
You feel invigorated.
The kobold is moderately wounded.
The bat hits you but does no damage. x2; The endoplasm closely misses you.
The kobold barely misses you. The goblin misses you.
The goblin hits you with a +0 club. The endoplasm barely misses you.
The kobold completely misses you.
You sock the kobold!
You kill the kobold!
The bat hits you. The goblin hits you with a +0 club.
The endoplasm barely misses you.
You sock the goblin!
You kill the goblin!
The bat barely misses you. The endoplasm freezes you.
You are frozen.
* * * LOW HITPOINT WARNING * * *
The bat barely misses you.
You sock the bat!
You kill the bat!
The endoplasm freezes you.
You are frozen.
You die...

#.#..##.#.##..#............#
#.#.....#.<#..#............#
#.#.....##.#.##............#
#.#........#.....###########
#.##########.....## ###
..................##....
.#.....##.............>.
†##.##...?#....J†)...... .#
.# ##......†@)...... .. ##
.#............. .#
#.......>..... .#
#............. .#
#............. ..
.$.............
.###.....##.... ####### ####


You could see an endoplasm.

Vanquished Creatures
  A dart slug (D:1)
  2 endoplasms (D:1)
  3 goblins (D:1)
  A hobgoblin (D:1)
  4 jackals (D:1)
  A kobold (D:1)
  2 bats (D:1)
  A frilled lizard (D:1)
  A rat (D:1)
16 creatures vanquished.

Notes
Turn   | Place    | Note
-------+----------+-------------------------------------------
     0 | D:1      | Ivernyr the Vine Stalker Gladiator began the quest for the
                  | Orb.
     0 | D:1      | Reached XP level 1. HP: 11/11 MP: 2/2
    50 | D:1      | Reached XP level 2. HP: 15/15 MP: 1/3
   209 | D:1      | Frozen to death by an endoplasm

Illustrated notes

Levels and vault maps discovered:
D:1:      ebering_trefoil_twist, layout_rooms

Skill      XL: |  1 |
---------------+----+-----
Fighting       | 2 |  2.3
Staves         | |  2.9
Throwing       | |  1.7
Armour         | |  0.5
Dodging        | |  2.6

Action                     || total
---------------------------++-------
  Melee: Quarterstaff      ||    29
         Bite              ||     4
   Stab: Sleeping          ||     1
 Armour: Leather armour    ||    29
  Dodge: Dodged            ||    40

Table legend: (Time is in decaauts)
 A = Elapsed time spent in this place.
 B = Non-inter-level travel time spent in this place.
 C = Inter-level travel time spent in this place.
 D = Time resting spent in this place.
 E = Time spent auto-exploring this place.
 F = Levels seen in this place.
 G = Mean time per level.
                   A        B        C        D        E       F      G
               +--------+--------+--------+--------+--------+-----+--------+
         Total |    213 |    213 |      0 |      0 |    143 |   1 |  213.0 |
       Dungeon |    213 |    213 |      0 |      0 |    143 |   1 |  213.0 |
               +--------+--------+--------+--------+--------+-----+--------+

Top non-repeatable levels by time:
     D:1: 213 daAuts
